 Dungeon Crawl Stone Soup version 0.19.4-12-gccf7e64 (webtiles) character file.

588 Brouzouf the Basher (level 7, -3/78 HPs)
             Began as an Ogre Fighter on Feb 26, 2017.
             Slain by a phantom (6 damage)
             ... on level 5 of the Dungeon.
             The game lasted 00:16:42 (4608 turns).

Brouzouf the Basher (Ogre Fighter)                  Turns: 4608, Time: 00:16:44

Health: -3/78      AC:  4    Str: 19 (21) XL:     7   Next: 38%
Magic:  7/7        EV: 10    Int:  4 (7)  God:
Gold:   281        SH:  0    Dex:  7 (9)  Spells: 0 memorised, 6 levels left

rFire  . . .     SeeInvis .     a - +0 giant club
rCold  . . .     Gourm    +     z - +0 robe
rNeg   + . .     Faith    .     (shield currently unavailable)
rPois  .         Spirit   .     (helmet restricted)
rElec  .         Reflect  .     y - +0 cloak
rCorr  .         Harm     .     (gloves unavailable)
MR     .....                    (boots unavailable)
Stlth  +.........               C - amulet of the gourmand
                                F - ring of positive energy
                                D - -3 ring of strength (curse)

@: lethally poisoned (-3 -> -32), flying
A: unfitting armour, tough skin 1
a: no special abilities


You were on level 5 of the Dungeon.
You were very hungry.

You visited 1 branch of the dungeon, and saw 5 of its levels.

You collected 281 gold pieces.

Inventory:

Hand Weapons
 a - a +0 giant club (weapon)
 q - a +1 trident of piercing
 u - a +0 flail
Missiles
 j - 55 arrows
Armour
 c - a +0 shield
 y - a +0 cloak (worn)
 z - a +0 robe (worn)
Rods
 b - a +0 rod of inaccuracy (13/13)
   (You found it on level 4 of the Dungeon)
Jewellery
 w - an uncursed ring of fire
 C - an amulet of the gourmand (around neck)
 D - a cursed -3 ring of strength (left hand)
 F - a ring of positive energy (right hand)
Scrolls
 e - 7 scrolls of identify {unknown}
 h - 2 scrolls of enchant armour {unknown}
 k - a scroll of teleportation {unknown}
 l - a scroll of random uselessness {unknown}
 n - 2 scrolls of immolation {unknown}
 s - 2 scrolls of recharging {unknown}
 v - a scroll of enchant weapon {unknown}
 x - a scroll of remove curse {unknown}
 B - a scroll of magic mapping {unknown}
 E - a scroll of amnesia {unknown}
Potions
 d - a potion of might
 i - a potion of lignification {unknown}
 t - a potion of flight
 A - a potion of curing {unknown}
Comestibles
 f - 4 bread rations
 g - 2 beef jerkies
 o - 3 meat rations
 p - 2 slices of pizza


   Skills:
 + Level 7.1 Fighting
 * Level 8.6 Maces & Flails
 - Level 2.6 Dodging
 - Level 2.6 Shields


You had 6 spell levels left.
You didn't know any spells.

Dungeon Overview and Level Annotations

Branches:
Dungeon (5/15)
 Temple: D:4-7

Altars:
Gozag
Nemelex Xobeh

Shops:
D:4 =


Innate Abilities, Weirdness & Mutations

You are too large for most types of armour.
You have tough skin. (AC +1)


Message History

The centaur hits you.
* * * LOW HITPOINT WARNING * * *
The phantom hits you!
* * * LOW HITPOINT WARNING * * *
The worker ant barely misses you.
It was a potion of degeneration.
There was something very wrong with that liquid.
You feel weakened.
You feel dopey.
You feel clumsy.
* * * LOW HITPOINT WARNING * * *
You feel very sick. The centaur closely misses you.
The worker ant barely misses you. The phantom barely misses you.
It was a potion of magic.
Magic courses through your body.
* * * LOW HITPOINT WARNING * * *
You feel sick. The centaur barely misses you. The worker ant bites you.
* * * LOW HITPOINT WARNING * * *
You are more poisoned.
The worker ant poisons you! The centaur closely misses you.
The phantom hits you.
You die...

.....# #. #...P..# ####.#
#. #...P#.# #. #.PP.# #
.# #.##.####.#
#.#.#####.........#
#.#........#####..#
####.######...#####..#
...............((W#..#
.....##.........@a...#..8
.....+...........c...%..P
.....##.##########..##...
##'#.....§...........# .P
#.####§#..#######..#..
#.# #§§§§# .%..... #.#
##§§§§# #.....# #<#
#.8§§P# ...... ###
#.(P§.# .....


You could see a phantom, a centaur and a worker ant.

Vanquished Creatures
  An ogre (D:4)
  A water moccasin zombie (D:5)
  A crimson imp (D:5)
  2 orc wizards (D:4)
  2 iguanas (D:4)
  2 worker ants
  2 hound skeletons
  3 gnolls (D:2)
  A howler monkey skeleton (D:5)
  10 adders
  3 worms
  2 dart slugs
  2 leopard geckos
  10 orcs
  3 giant cockroaches
  4 goblins
  5 hobgoblins
  16 jackals
  6 kobolds
  4 quokkas
  A ball python (D:4)
  9 bats
  4 frilled lizards
  A leopard gecko skeleton (D:5)
  2 quokka zombies (D:5)
  2 rats
99 creatures vanquished.

Notes
Turn   | Place    | Note
-------+----------+-------------------------------------------
     0 | D:1      | Brouzouf the Ogre Fighter began the quest for the Orb.
     0 | D:1      | Reached XP level 1. HP: 24/24 MP: 1/1
    83 | D:1      | Reached skill level 3 in Maces & Flails
    89 | D:1      | Reached XP level 2. HP: 27/32 MP: 2/2
   825 | D:2      | Reached skill level 4 in Maces & Flails
   825 | D:2      | Reached XP level 3. HP: 40/40 MP: 3/3
   868 | D:2      | Reached skill level 5 in Fighting
   868 | D:2      | Reached XP level 4. HP: 6/50 MP: 4/4
  1219 | D:2      | Reached skill level 5 in Maces & Flails
  2048 | D:2      | Reached XP level 5. HP: 57/57 MP: 5/5
  2803 | D:3      | Reached skill level 6 in Maces & Flails
  3247 | D:4      | Found Xuirexin's Jewellery Shop.
  3262 | D:4      | Noticed an ogre
  3271 | D:4      | Reached XP level 6. HP: 56/67 MP: 6/6
  3275 | D:4      | Reached skill level 7 in Maces & Flails
  3597 | D:4      | Identified a +0 rod of inaccuracy (13/13) (You found it on level 4 of the Dungeon)
  3708 | D:4      | Found a sparkling altar of Nemelex Xobeh.
  3792 | D:4      | Found an opulent altar of Gozag.
  3799 | D:4      | Reached XP level 7. HP: 73/76 MP: 7/7
  4020 | D:5      | Entered Level 5 of the Dungeon
  4028 | D:5      | Reached skill level 8 in Maces & Flails
  4608 | D:5      | HP: 3/78 [worker ant (2)]
  4608 | D:5      | Slain by a phantom

Skill      XL: |  1  2  3  4  5  6  7 |
---------------+----------------------+-----
Maces & Flails | 3 4 5 6 7 8 |  8.6
Fighting       | 5 6 7 |  7.1
Dodging        | |  2.6
Shields        | |  2.6

Action                   |  1- 3 |  4- 6 |  7- 9 || total
-------------------------+-------+-------+-------++-------
Melee: Flail             |    76 |   110 |       ||   186
       Trident           |       |    82 |       ||    82
       Giant club        |       |    23 |    91 ||   114
Evoke: Rod               |       |     6 |       ||     6
  Use: Potion            |       |       |     3 ||     3
  Eat: Chunk             |       |    10 |     2 ||    12
Armor: Robe              |    14 |    37 |    34 ||    85
Dodge: Dodged            |    30 |    75 |    70 ||   175
Block: Shield            |    33 |    77 |       ||   110
